 Dungeon Crawl Stone Soup version 0.28-a0-948-gee6e0bcda6 (webtiles) character file.

Game seed: 8666544708429313565

24 BinkBink the Skirmisher (level 3, -4/29 HPs)
             Began as a Formicid Monk on Nov 30, 2021.
             Was a Believer of Kikubaaqudgha.
             Slain by a worm (6 damage)
             ... on level 2 of the Dungeon.
             The game lasted 00:01:19 (1162 turns).

BinkBink the Skirmisher (Formicid Monk)             Turns: 1162, Time: 00:01:20

Health: -4/29      AC:  2    Str: 16    XL:     3   Next: 15%
Magic:  3/3        EV: 12    Int:  9    God:    Kikubaaqudgha [**....]
Gold:   72         SH:  0    Dex: 13    Spells: 2/2 levels left

rFire   . . .      SeeInvis +   a - +0 falchion
rCold   . . .      Faith    .   (no shield)
rNeg    . . .      Spirit   .   b - +0 robe
rPois   .          Reflect  .   (helmet unavailable)
rElec   .          Harm     .   (no cloak)
rCorr   .          Rampage  .   (no gloves)
Will    .....                   (no boots)
Stlth   ++........              (no amulet)
HPRegen 0.09/turn               (no ring)
MPRegen 0.08/turn               (no ring)

@: no status effects
A: permanent stasis, dig shafts and tunnels, antennae 3, four strong arms
a: Dig, Shaft Self, Renounce Religion, Receive Corpses


You were on level 2 of the Dungeon.
You worshipped Kikubaaqudgha.
Kikubaaqudgha was pleased with you.
You visited 1 branch of the dungeon, and saw 2 of its levels.

You collected 72 gold pieces.

Inventory:

Hand Weapons
 a - a +0 falchion (weapon)
Armour
 b - a +0 robe (worn)
Scrolls
 d - a scroll of brand weapon {unknown}
 f - 3 scrolls of holy word {unknown}
 i - a scroll of teleportation {unknown}
Potions
 c - a potion of curing {unknown}
 e - a potion of brilliance {unknown}
 g - a potion of flight {unknown}
 h - a potion of berserk rage {unknown}
 j - a potion of lignification {unknown}


   Skills:
 + Level 3.6 Fighting
 + Level 3.3 Long Blades
 * Level 1.0 Armour
 + Level 3.0 Dodging
 - Level 2.4 Stealth


You had 2 spell levels left.
You didn't know any spells.
Your spell library contained the following spells:

 Spells                   Type           Power      Damage    Failure   Level
 Animate Skeleton         Necr           0%         N/A       38%         1
 Pain                     Necr           0%         1d4       38%         1
 Sublimation of Blood     Necr           0%         N/A       52%         2
 Vampiric Draining        Necr           0%         2d6       77%         3


Dungeon Overview and Level Annotations

Branches:
Dungeon (2/15)

Altars:
Kikubaaqudgha


Innate Abilities, Weirdness & Mutations

You cannot be hasted, slowed, berserked, paralysed or teleported.
You can dig through walls and to a lower floor.
You have a pair of large antennae on your head. (SInv)
Your four strong arms can wield two-handed weapons with a shield.


Message History

You hit the kobold.
You kill the kobold!
Kikubaaqudgha accepts your kill.
No target in view!
No target in view!
HP restored.
j - a sedimented inky potion A worm comes into view.
A worm is nearby!
Found a stone staircase leading down.
The worm bites you.
You barely miss the worm. You hit the worm.
The worm is lightly wounded.
The worm bites you!
You slash the worm!
The worm is heavily wounded.
The worm bites you.
You are too injured to fight recklessly!
You are too injured to fight recklessly!
You are too injured to fight recklessly!
You are too injured to fight recklessly!
You barely miss the worm.
The worm is moderately wounded.
You hit the worm.
The worm is severely wounded.
The worm bites you!
* * * LOW HITPOINT WARNING * * *
You hit the worm.
The worm is almost dead.
The worm misses you.
You barely miss the worm.
The worm is almost dead.
You hit the worm but do no damage.
The worm is almost dead.
The worm misses you.
You barely miss the worm.
The worm is severely wounded.
The worm bites you.
You die...
Kikubaaqudgha rasps: "You have failed me!
Welcome... death!"

###.......#######
................#
###.......####..# {
#...##.....##.#
#.............##
#)..##.....##..# ##
###...##.....##..#
..+
......##.....##..#..#
......#########.@...#
###.#...........w...#
.......#######..#...#
#####..# #..#...#
#..# #.. ...# #..#
#.. #..# #..# #.. ..#
#..# #.. .># #..#


You could see a worm.

Vanquished Creatures
  5 ball pythons
  6 bats (D:1)
  An endoplasm (D:1)
  A giant cockroach (D:1)
  2 goblins (D:1)
  A hobgoblin (D:1)
  4 kobolds
  A quokka (D:1)
  2 frilled lizards (D:1)
  A rat (D:1)
24 creatures vanquished.

Notes
Turn   | Place    | Note
-------+----------+-------------------------------------------
     0 | D:1      | BinkBink the Formicid Monk began the quest for the Orb.
     0 | D:1      | Reached XP level 1. HP: 18/18 MP: 1/1
   138 | D:1      | Reached XP level 2. HP: 23/24 MP: 2/2
   490 | D:1      | Found a faded altar of an unknown god.
   502 | D:1      | Prayed at the altar of an unknown god.
   502 | D:1      | Became a worshipper of Kikubaaqudgha
   502 | D:1      | Reached * piety under Kikubaaqudgha
   502 | D:1      | Received a gift from Kikubaaqudgha
   502 | D:1      | Reached ** piety under Kikubaaqudgha
   735 | D:1      | Reached XP level 3. HP: 29/29 MP: 3/3
   873 | D:1      | Reached skill level 1 in Armour
  1158 | D:2      | HP: 1/29 [worm (11)]
  1162 | D:2      | Slain by a worm

Illustrated notes

Levels and vault maps discovered:
D:1:      scummos_arrival_simple_fountains, layout_loops_ring,
          shapermc_ecumenical_altar_starsandcircs
D:2:      layout_basic, uniq_robin, uniq_natasha, uniq_jessica

Skill      XL: |  1  2  3 |
---------------+----------+-----
Armour         | 1 |  1.0
Dodging        | 3 |  3.0
Fighting       | |  3.6
Long Blades    | |  3.3
Stealth        | |  2.4

Action                   || total
-------------------------++-------
Melee: Falchion          ||    67
 Stab: Sleeping          ||     2
Armor: Robe              ||     8
Dodge: Dodged            ||    48

Table legend: (Time is in decaauts)
 A = Elapsed time spent in this place.
 B = Non-inter-level travel time spent in this place.
 C = Inter-level travel time spent in this place.
 D = Time resting spent in this place.
 E = Time spent auto-exploring this place.
 F = Levels seen in this place.
 G = Mean time per level.
                   A        B        C        D        E       F      G
               +--------+--------+--------+--------+--------+-----+--------+
         Total |   1170 |   1154 |     16 |      0 |    975 |   2 |  585.0 |
       Dungeon |   1170 |   1154 |     16 |      0 |    975 |   2 |  585.0 |
               +--------+--------+--------+--------+--------+-----+--------+

Top non-repeatable levels by time:
     D:1: 1038 daAuts
     D:2: 132 daAuts
